 Dungeon Crawl Stone Soup version 0.29-a0-322-g68df515428 (webtiles) character file.

Game seed: 7569347880337152116

14 GigaChad the Skirmisher (level 2, -1/26 HPs)
             Began as a Draconian Abyssal Knight on Apr 8, 2022.
             Was a Believer of Lugonu.
             Slain by a jackal (3 damage)
             ... on level 1 of the Dungeon.
             The game lasted 00:02:21 (477 turns).

GigaChad the Skirmisher (Draconian Abyssal Knight)   Turns: 477, Time: 00:02:22

Health: -1/26      AC:  4    Str: 15    XL:     2   Next: 27%
Magic:  3/3        EV: 12    Int: 10    God:    Lugonu [**....]
Gold:   31         SH:  0    Dex: 11    Spells: 1/1 levels left

rFire   . . .      SeeInvis .   d - +0 short sword (distort)
rCold   . . .      Faith    .   (no shield)
rNeg    . . .      Spirit   .   (body armour unavailable)
rPois   .          Reflect  .   (helmet restricted)
rElec   .          Harm     .   (no cloak)
rCorr   .          Rampage  .   (no gloves)
Will    .....                   (no boots)
Stlth   +.........              (no amulet)
HPRegen 0.08/turn               (no ring)
MPRegen 0.08/turn               (no ring)

@: no status effects
A: AC +4, unfitting armour, cold-blooded
a: Renounce Religion, Depart the Abyss, Bend Space


You were on level 1 of the Dungeon.
You worshipped Lugonu.
Lugonu was pleased with you.
You visited 1 branch of the dungeon, and saw 1 of its levels.
You visited the Abyss 1 time.

You collected 31 gold pieces.

Inventory:

Hand Weapons
 a - a +1 falchion
 d - a +0 short sword of distortion (weapon)
Scrolls
 c - a scroll of brand weapon {unknown}
 e - a scroll of noise {unknown}
 i - a scroll of amnesia {unknown}
Potions
 f - a potion of resistance
 g - a potion of might
 h - a potion of flight


   Skills:
 + Level 3.4 Fighting
 + Level 2.2 Long Blades
 + Level 2.5 Dodging
 + Level 2.1 Invocations


You had one spell level left.
You didn't know any spells.
Your spell library was empty.

Dungeon Overview and Level Annotations

Branches:
Dungeon (1/15)

Altars:


Innate Abilities, Weirdness & Mutations

Your plain brown scales are hard. (AC +4)
You cannot fit into any form of body armour.
You are cold-blooded and may be slowed by cold attacks.


Message History

You closely miss the jackal.
The jackal barks!
Your tail-slap misses the jackal.
The jackal misses you. The jackal closely misses you. The endoplasm hits you.
You hit the jackal.
You kill the jackal!
Lugonu accepts your kill.
You feel yourself speed up. The jackal closely misses you.
The endoplasm closely misses you. The jackal bites you.
The endoplasm closely misses you.
Found 14 gold pieces.
The jackal misses you. The endoplasm freezes you.
You are frozen.
You feel yourself slow down.
You see here a jackal corpse.
The jackal attacks as you move away! The jackal closely misses you.
The endoplasm freezes you.
You are frozen.
The jackal bites you.
You barely miss the jackal. The jackal misses you. The endoplasm freezes you.
You are frozen.
* * * LOW HITPOINT WARNING * * *
You feel as though you will be slow longer.
The jackal bites you but does no damage.
The endoplasm hits you.
* * * LOW HITPOINT WARNING * * *
You barely miss the jackal. The jackal closely misses you. x2
The endoplasm closely misses you. The jackal barely misses you.
You closely miss the jackal. The endoplasm hits you.
* * * LOW HITPOINT WARNING * * *
The jackal barely misses you. The endoplasm hits you.
* * * LOW HITPOINT WARNING * * *
The jackal closely misses you.
You miss the jackal.
Your tail-slap misses the jackal.
The jackal closely misses you. The endoplasm hits you.
* * * LOW HITPOINT WARNING * * *
The jackal closely misses you.
You closely miss the jackal.
Your tail-slap misses the jackal.
You feel yourself speed up. The jackal bites you.
You die...

#................#
#.###.############
#.# ## #.### ...
#...# ....######.#
...........# ####
....##Jh######
.... . #.@.$...#
... #....##.# #.
##...... #.
#.)..### #. #$...#
..#... ..#.###
....#


You could see an endoplasm and a jackal.

Vanquished Creatures
  A hobgoblin (D:1)
  5 jackals (D:1)
  2 kobolds (D:1)
  A quokka (D:1)
  A frilled lizard (D:1)
  2 rats (D:1)
12 creatures vanquished.

Notes
Turn   | Place    | Note
-------+----------+-------------------------------------------
     0 | Abyss:1  | GigaChad the Draconian Abyssal Knight began the quest for
                  | the Orb.
     0 | Abyss:1  | Reached XP level 1. HP: 19/19 MP: 2/2
    35 | D:1      | Escaped the Abyss
   109 | D:1      | Found a faded altar of an unknown god.
   255 | D:1      | Reached ** piety under Lugonu
   260 | D:1      | Reached XP level 2. HP: 18/26 MP: 3/3
   477 | D:1      | Slain by a jackal

Illustrated notes

Levels and vault maps discovered:
D:1:      amcnicky_arrival_flooded_fountain, layout_basic,
          hellmonk_ecumenical_altar_run_dry, dreamdust_princess_corridor

Action                   || total
-------------------------++-------
Melee: Short sword       ||    25
       Falchion          ||     5
Invok: Depart the Abyss  ||     1
  Use: Scroll            ||     3
Armor: Skin              ||    11
Dodge: Dodged            ||    39

Table legend: (Time is in decaauts)
 A = Elapsed time spent in this place.
 B = Non-inter-level travel time spent in this place.
 C = Inter-level travel time spent in this place.
 D = Time resting spent in this place.
 E = Time spent auto-exploring this place.
 F = Levels seen in this place.
 G = Mean time per level.
                   A        B        C        D        E       F      G
               +--------+--------+--------+--------+--------+-----+--------+
         Total |    481 |    481 |      0 |      0 |    143 |   2 |  240.5 |
       Dungeon |    446 |    446 |      0 |      0 |    110 |   1 |  446.0 |
         Abyss |     35 |     35 |      0 |      0 |     33 |   1 |   35.0 |
               +--------+--------+--------+--------+--------+-----+--------+

Top non-repeatable levels by time:
     D:1: 446 daAuts
 Abyss:1: 35 daAuts
